 Dungeon Crawl Stone Soup version 0.30-a0-458-g86641cc369 (webtiles) character file.

Game seed: 15252014597542564552

0 cforsyth the Shield-Bearer (level 1, 0/22 HPs)
             Began as a Troll Fighter on Dec 14, 2022.
             Succumbed to a kobold's poison
             ... on level 1 of the Dungeon.
             The game lasted 00:00:04 (70 turns).

cforsyth the Shield-Bearer (Troll Fighter)            Turns: 70, Time: 00:00:04

Health: 0/22       AC:  4    Str: 23    XL:     1   Next: 8%
Magic:  0/0        EV:  8    Int:  4    God:
Gold:   5          SH:  7    Dex:  9    Spells: 0/0 levels left

rFire   . . .      SeeInvis .      - Unarmed
rCold   . . .      Faith    .    b - +0 kite shield
rNeg    . . .      Spirit   .    a - +0 robe
rPois   .          Reflect  .    (helmet restricted)
rElec   .          Harm     .    (no cloak)
rCorr   .          Rampage  .    (gloves unavailable)
Will    .....                    (boots unavailable)
Stlth   +.........               (no amulet)
HPRegen 1.03/turn                (no ring)
MPRegen 0.07/turn                (no ring)

@: lethally poisoned (0 -> -13)
A: large, unfitting armour, claws 3, regeneration 1, shaggy fur 1, tough skin 1
a: no special abilities


You were on level 1 of the Dungeon.
You visited 1 branch of the dungeon, and saw 1 of its levels.

You collected 5 gold pieces.

Inventory:

Armour
 a - a +0 robe (worn)
 b - a +0 kite shield (worn)
Scrolls
 d - a scroll of enchant armour {unknown}
Potions
 c - a potion of might


   Skills:
 + Level 2.4 Fighting
 + Level 2.4 Dodging
 + Level 2.7 Shields
 + Level 2.0 Unarmed Combat


You couldn't memorise any spells.
You didn't know any spells.
Your spell library was empty.

Dungeon Overview and Level Annotations

Branches:
Dungeon (1/15)

Altars:


Innate Abilities, Weirdness & Mutations

You are too large for most types of armour.
You have claws for hands.
Your natural rate of healing is unusually fast.
You are covered in fur. (AC +1)
You have tough skin. (AC +1)


Message History

The kobold hits you with a +0 dagger of venom.
You are poisoned.
You are too injured to fight recklessly!
You are too injured to fight recklessly!
You are too injured to fight recklessly!
You are too injured to fight recklessly!
You are too injured to fight recklessly!
You are too injured to fight recklessly!
You are too injured to fight recklessly!
You are too injured to fight recklessly!
You closely miss the kobold.
You feel very sick. You block the kobold's attack.
You closely miss the kobold.
You feel sick. The kobold hits you but does no damage.
You are more poisoned.
You closely miss the kobold.
You feel very sick. You block the kobold's attack.
You scratch the kobold.
The kobold is heavily wounded.
You feel very sick. You block the kobold's attack.
You scratch the kobold.
The kobold is severely wounded.
You feel sick. The kobold hits you but does no damage.
You are lethally poisoned!
You completely miss the kobold.
The kobold is heavily wounded.
You feel very sick. You block the kobold's attack.
You barely miss the kobold.
The kobold is heavily wounded.
* * * LOW HITPOINT WARNING * * *
You feel very sick. The kobold hits you but does no damage.
You are more poisoned.
You barely miss the kobold.
The kobold is heavily wounded.
You die...

#.# #.# #.#
##############.##
........#.......#
..........#####.# #
......>...#...#.# #
..........'.⌠.'.## #
......K@..#...#..# ###
........#.#####..# ###..
........#........###....
........#.......(#...≈≈≈
........##.......'.#≈≈≈≈
!.......##.......##≈≈≈≈≈
######.###########≈≈≈8≈≈
#. #≈≈≈≈≈~ #≈≈≈≈≈~


You could see a kobold.

Vanquished Creatures
  A ball python (D:1)
1 creature vanquished.

Notes
Turn   | Place    | Note
-------+----------+-------------------------------------------
     0 | D:1      | cforsyth the Troll Fighter began the quest for the Orb.
     0 | D:1      | Reached XP level 1. HP: 22/22 MP: 0/0
    70 | D:1      | Succumbed to a kobold's poison

Illustrated notes

Levels and vault maps discovered:
D:1:      nzn_arrival_water_spiral, layout_basic, minmay_misc_feat_room

Action                   || total
-------------------------++-------
Melee: Unarmed           ||    12
Armor: Robe              ||     3
Dodge: Dodged            ||     1
Block: Kite shield       ||     5

Table legend: (Time is in decaauts)
 A = Elapsed time spent in this place.
 B = Non-inter-level travel time spent in this place.
 C = Inter-level travel time spent in this place.
 D = Time resting spent in this place.
 E = Time spent auto-exploring this place.
 F = Levels seen in this place.
 G = Mean time per level.
                   A        B        C        D        E       F      G
               +--------+--------+--------+--------+--------+-----+--------+
         Total |     70 |     70 |      0 |      0 |     55 |   1 |   70.0 |
       Dungeon |     70 |     70 |      0 |      0 |     55 |   1 |   70.0 |
               +--------+--------+--------+--------+--------+-----+--------+

Top non-repeatable levels by time:
     D:1: 70 daAuts
